 Dungeon Crawl Stone Soup version 0.31.0-11-ge490571c62 (webtiles) character file.

Game seed: 13461539739423411989

1392 Arcadio the Trooper (level 8, -2/52 HPs)
             Began as a Gargoyle Gladiator on Jan 31, 2024.
             Slain by a cyan ugly thing (5 damage)
             ... on level 11 of the Dungeon.
             The game lasted 00:11:49 (5679 turns).

Arcadio the Trooper (Gargoyle Gladiator)            Turns: 5679, Time: 00:11:50

Health: -2/52      AC: 15    Str: 19    XL:     8   Next: 68%
Magic:  8/8        EV: 12    Int: 10    God:
Gold:   226        SH:  0    Dex: 17    Spells: 7/7 levels left

rFire   + . .        r - +0 morningstar (protect)
rCold   . . .        (no shield)
rNeg    + . .        p - +0 ring mail
rPois   ∞            c - +0 helmet
rElec   +            u - +0 cloak
rCorr   .            (no gloves)
SInv    .            t - +0 pair of boots
Will    .....        (no amulet) Stlth
                     A - +6 ring of dexterity
HPRegen 0.28/turn    H - ring of protection from fire
MPRegen 0.11/turn

%: no passive effects
@: silenced
A: sickness immunity, AC +5, negative energy resistance 1, electricity
resistance, torment resistance 1, petrification resistance
a: no special abilities


You were on level 11 of the Dungeon.
You visited 1 branch of the dungeon, and saw 9 of its levels.
You also visited: Ossuary.

You collected 226 gold pieces.

Inventory:

Hand Weapons
 a - a +0 flail
 q - a +0 whip of electrocution
 r - a +0 morningstar of protection (weapon)
Missiles
 d - 3 throwing nets (quivered)
 e - 7 javelins
Armour
 b - a +0 leather armour
 c - a +0 helmet (worn)
 p - a +0 ring mail (worn)
 t - a +0 pair of boots (worn)
 u - a +0 cloak (worn)
Jewellery
 A - a +6 ring of dexterity (left hand)
 H - a ring of protection from fire (right hand)
Wands
 v - a wand of roots (6)
 E - a wand of paralysis (11)
Scrolls
 i - a scroll of brand weapon
 j - 3 scrolls of enchant armour
 k - a scroll of poison
 B - a scroll of fog {unknown}
 F - a scroll of fear {unknown}
 G - a scroll of enchant weapon {unknown}
Potions
 f - 2 potions of cancellation {unknown}
 g - 4 potions of lignification
 l - a potion of attraction {unknown}
 m - 5 potions of curing
 n - a potion of degeneration {unknown}
 o - a potion of haste {unknown}
 w - a potion of might {unknown}
 x - 2 potions of heal wounds {unknown}
 z - 2 potions of mutation {unknown}
 C - a potion of berserk rage {unknown}
 D - a potion of brilliance {unknown}


   Skills:
 + Level 6.9 Fighting
 + Level 6.7 Maces & Flails
 - Level 1.7 Throwing
 + Level 5.8 Armour
 - Level 3.0 Dodging


You had 7 spell levels left.
You didn't know any spells.
Your spell library contained the following spells:

 Spells                   Type           Power      Damage    Failure   Level
 Sting                    Conj/Alch      0%         1d3       52%         1
 Mercury Vapours          Alch/Air       0%         N/A       67%         2
 Olgreb's Toxic Radiance  Alch           0%         N/A       99%         4


Dungeon Overview and Level Annotations

Branches:
Dungeon (11/15)           Ossuary (visited)
 Temple: D:4-7         Lair: D:8-11         Orc: D:9-12

Altars:
Dithmenos
Elyvilon
Gozag
Ru
Trog
Xom
Yredelemnul

Shops:
D:8 :

Annotations:
D:5 Prince Ribbit
D:8 Amaemon


Innate Abilities, Weirdness & Mutations

You are immune to sickness and miasma.
Your stone body is resilient. (AC +5)
You are immune to poison.
You resist negative energy. (rN+)
You are resistant to electric shocks. (rElec)
You are resistant to unholy torment.
You are immune to petrification.


Message History

There is a stone staircase leading up here.
The yak attacks as it pursues you! The yak closely misses you.
The yak attacks as it pursues you! The yak gores you but does no damage.
The yak attacks as it pursues you! The yak gores you.
The yak attacks as it pursues you! The yak gores you.
As you read the scroll labelled XUOCIOVVINU, it crumbles to dust.
You hear a loud clanging noise!
It was a scroll of noise.
You hear a shout!
The yak closely misses you. The yak barely misses you.
As you read the scroll labelled UCACROKALO, it crumbles to dust.
A profound silence engulfs you.
It was a scroll of silence.
The yak gores you. The yak gores you but does no damage.
Magic scrolls do not work when you're silenced!
The yak attacks as it pursues you! The yak gores you.
The yak attacks as it pursues you! The yak gores you.
The yak attacks as it pursues you! The yak closely misses you.
The yak attacks as it pursues you! The yak gores you but does no damage.
The yak attacks as it pursues you! The yak closely misses you.
The yak attacks as it pursues you! The yak misses you.
A centaur comes into view.
The centaur wields a +0 shortbow.
The centaur shoots an arrow.
The arrow hits you.
The centaur shoots an arrow.
The arrow hits you.
The centaur shoots an arrow.
The arrow closely misses you.
There is a stone staircase leading down here.
The yak barely misses you.
You climb downwards.
There is a stone staircase leading up here.
The yak attacks as it pursues you! The yak gores you.
The yak closely misses you. The yak attacks as it pursues you!
The yak gores you but does no damage.
A cyan ugly thing comes into view.
The yak attacks as it pursues you! The yak gores you!
* * * LOW HITPOINT WARNING * * *
There is a stone staircase leading up here.
The cyan ugly thing kicks you.
* * * LOW HITPOINT WARNING * * *
The cyan ugly thing shocks you. You resist.
You die...

#...........
#..O######..
#...# #...#
#...+ #...#
#...#
#+#+#..Y######.
......u@.......
...............
...............
...............
...............
...####........
### ##.......
.....##


You could see a cyan ugly thing, a two-headed ogre and a yak.

Vanquished Creatures
  2 yaks (D:8)
  Menkaure (Ossuary)
  A bullfrog (D:8)
  An elf zombie (Ossuary)
  A troll zombie (Ossuary)
  A howler monkey (D:4)
  A centaur zombie (Ossuary)
  2 human zombies (Ossuary)
  An orc priest (D:5)
  A gnoll bouda (D:5)
  Crazy Yiuf (D:2)
  Jessica (D:2)
  An iguana (D:4)
  2 sleepcaps (D:8)
  5 orc wizards
  3 ogre zombies (Ossuary)
  6 mummies (Ossuary)
  2 howler monkey zombies (D:8)
  3 gnolls (D:5)
  6 adders
  2 river rats (D:4)
  4 dart slugs
  2 ribbon worms
  8 orcs
  7 ball pythons
  6 endoplasms
  5 giant cockroaches
  3 hobgoblins (D:1)
  9 quokkas
  6 bats
  6 frilled lizards
  A gnoll zombie (Ossuary)
  5 goblins
  5 goblin zombies (Ossuary)
  7 hobgoblin zombies (Ossuary)
  5 kobolds
  3 kobold zombies (Ossuary)
  2 quokka zombies (Ossuary)
  7 rats
  5 rat zombies
140 creatures vanquished.

Notes
Turn   | Place    | Note
-------+----------+-------------------------------------------
     0 | D:1      | Arcadio the Gargoyle Gladiator began the quest for the Orb.
     0 | D:1      | Reached XP level 1. HP: 12/12 MP: 1/1
   212 | D:1      | Reached XP level 2. HP: 15/18 MP: 2/2
   714 | D:2      | Reached XP level 3. HP: 18/22 MP: 3/3
   747 | D:2      | Noticed Jessica
   762 | D:2      | Killed Jessica
   812 | D:2      | Reached XP level 4. HP: 25/28 MP: 4/4
  1126 | D:2      | Found a runed translucent door.
  1127 | D:2      | Noticed Crazy Yiuf
  1167 | D:2      | Found a faded altar of an unknown god.
  1403 | D:2      | Killed Crazy Yiuf
  1404 | D:2      | Reached skill level 1 in Armour
  1526 | D:3      | Reached XP level 5. HP: 32/32 MP: 5/5
  1609 | D:3      | Found an opulent altar of Gozag.
  1675 | D:3      | Found a bloodstained altar of Trog.
  2887 | D:4      | Found a basalt altar of Yredelemnul.
  2932 | D:4      | Found a sand-covered staircase.
  2943 | Ossuary  | Entered an ossuary
  3104 | Ossuary  | Reached XP level 6. HP: 36/38 MP: 6/6
  3360 | Ossuary  | Reached skill level 5 in Maces & Flails
  3360 | Ossuary  | Reached XP level 7. HP: 44/44 MP: 7/7
  3461 | Ossuary  | Noticed Menkaure
  3476 | Ossuary  | Killed Menkaure
  3477 | Ossuary  | Reached skill level 5 in Fighting
  4270 | D:4      | Found a white marble altar of Elyvilon.
  4402 | D:4      | Found a shadowy altar of Dithmenos.
  4411 | D:4      | Found a shimmering altar of Xom.
  4694 | D:5      | Entered Level 5 of the Dungeon
  4697 | D:5      | Noticed Prince Ribbit
  4879 | D:5      | Reached XP level 8. HP: 51/51 MP: 8/8
  4879 | D:5      | Found a sacrificial altar of Ru.
  5138 | D:5      | You fall into a shaft and drop 3 floors!
  5149 | D:8      | Reached skill level 5 in Armour
  5207 | D:8      | Noticed an orange demon
  5207 | D:8      | Noticed Amaemon
  5248 | D:8      | Found Cuxy's Book Shoppe.
  5249 | D:8      | Noticed a yak
  5250 | D:8      | Noticed a yak
  5250 | D:8      | Noticed a yak
  5257 | D:8      | Noticed a yak
  5261 | D:8      | Killed a yak
  5268 | D:8      | Killed a yak
  5645 | D:9      | Noticed a yak
  5648 | D:9      | Noticed a two-headed ogre
  5651 | D:9      | Noticed a yak
  5654 | D:10     | Entered Level 10 of the Dungeon
  5669 | D:11     | Noticed a two-headed ogre
  5675 | D:11     | Noticed a cyan ugly thing
  5679 | D:11     | Slain by a cyan ugly thing

Illustrated notes

Levels and vault maps discovered:
D:1:      wander_arrival_desolate, layout_loops_ring, minmay_hexomino_r4
D:2:      layout_rooms, shapermc_ecumenical_altar_gd, uniq_jessica,
          uniq_crazy_yiuf_cottage
D:3:      layout_loops_corners, lightli_temple_of_fire,
          mainiacjoe_overflow_cross_hatched, serial_rivers,
          chequers_serial_rivers_small_a, chequers_serial_rivers_small_b,
          chequers_serial_rivers_small_3, chequers_serial_rivers_room_b,
          chequers_serial_rivers_micro_c, chequers_serial_rivers_micro_e
D:4:      wander_river, layout_basic, elyvilon_altar_5,
          mainiacjoe_overflow_small_starburst, mainiacjoe_overflow_swirl,
          gup_sewer_entry_bubbles, enter_ossuary_3, grunt_ministairs_13
D:5:      layout_basic, nicolae_ru_sacrificial_ziggurat, minivault_25,
          uniq_prince_ribbit1
D:8:      layout_rooms, serial_shops, nicolae_shop_tiny_waterfront,
          serial_undead, serial_undead_e, serial_undead_b, serial_undead_a,
          serial_undead_f, uniq_grum, uniq_amaemon
D:9:      nzn_winding_woodlands_stair_cross [nzn_winding_woodlands_5x15_twine,
          nzn_winding_woodlands_center_pierced_h,
          nzn_winding_woodlands_5x15_garden,
          nzn_winding_woodlands_5x5_checkerboard,
          nzn_winding_woodlands_5x5_closed_star,
          nzn_winding_woodlands_5x15_lazy_stream,
          nzn_winding_woodlands_center_triple_pond,
          nzn_winding_woodlands_5x15_cabin], layout_loops_ring,
          jmf_multi_god_temple
D:10:     layout_small_grid, erik_lair_dragon, orc_0_dummy
D:11:     minmay_bubble_buster, layout_irregular_city

Skill      XL: |  1  2  3  4  5  6  7  8 |
---------------+-------------------------+-----
Fighting       | 3 4 5 6 |  6.9
Dodging        | 3 |  3.0
Armour         | 1 2 3 4 5 |  5.8
Maces & Flails | 4 5 6 |  6.7
Throwing       | |  1.7

Action                     |  1- 3 |  4- 6 |  7- 9 || total
---------------------------+-------+-------+-------++-------
  Melee: Flail             |    94 |    15 |       ||   109
         Whip              |       |   184 |   250 ||   434
         Punch             |       |     4 |     6 ||    10
         Morningstar       |       |       |    24 ||    24
    Use: Scroll            |       |     3 |     7 ||    10
         Potion            |       |       |     2 ||     2
 Armour: Leather armour    |    62 |       |       ||    62
         Ring mail         |       |   121 |   228 ||   349
         Skin              |       |       |     4 ||     4
  Dodge: Dodged            |    82 |    88 |   157 ||   327
